Map: Void Zone

Players

Amix - Winner!

  • Race: Zerg Zerg
  • Spawn Location: 5:00

chusux - Winner!

  • Race: Protoss Protoss
  • Spawn Location: 7:00

nachro - Winner!

  • Race: Terran Terran
  • Spawn Location: 5:00

RobTheWise - Winner!

  • Race: Terran Terran
  • Spawn Location: 5:00

A.I. 4 (Medium)

  • Race: Terran Terran
  • Spawn Location: 1:00

A.I. 5 (Medium)

  • Race: Terran Terran
  • Spawn Location: 11:00

A.I. 6 (Medium)

  • Race: Terran Terran
  • Spawn Location: 1:00

A.I. 7 (Medium)

  • Race: Zerg Zerg
  • Spawn Location: 1:00

VOD

Have the link to the VOD?

Description

Time

  • Played on: Nov. 24, 2016, 12:49 p.m.
  • Length: 26:58
Show
View Real Time Build Order
Export as new Build Order

Amix Zerg - Winner!

Build Orders: Hatch First 

Get SALT Encoding   

  12  0:02  Drone  
  13  0:08  Drone  
  14  0:19  Overlord  
  14  0:33  Extractor  
  14  0:34  Drone  
  15  0:37  Drone x2  
  17  0:58  Drone  
  17  0:59  Hatchery  
  17  1:02  Extractor  
  16  1:25  Spawning Pool  
  15  1:44  Drone  
  15  1:45  Drone x2  
  18  2:00  Drone  
  19  2:11  Queen  
  19  2:15  Metabolic Boost  
  21  2:16  Hatchery  
  21  2:21  Drone  
  21  2:37  Drone x4  
  21  2:38  Drone  
  26  2:46  Queen  
  28  3:03  Overlord x2  
  28  3:10  Extractor  
  28  3:11  Extractor  
  26  3:13  Drone  
  26  3:14  Drone, Extractor  
  26  3:15  Drone  
  31  3:21  Drone x4  
  31  3:22  Drone  
  36  3:32  Drone x2  
  38  3:35  Zergling x4  
  38  3:39  Queen  
  42  3:43  Drone x2  
  44  3:48  Queen  
  46  3:56  Overlord  
  46  3:57  Overlord  
  46  4:03  Zergling x6  
  46  4:09  Zergling x2  
  50  4:18  Zergling x14  
  57  4:28  Spine Crawler  
  56  4:33  Queen  
  56  4:34  Queen x2  
  56  4:36  Zergling x4  
  56  4:38  Zergling x2  
  65  4:55  Drone x2, Evolution Chamber  
  65  4:57  Evolution Chamber  
  65  4:59  Overlord x4  
  65  5:05  Extractor  
  64  6:07  Zergling x16  
  64  6:08  Zergling x20  
  64  6:09  Zergling x2  
  68  6:22  Zergling x8  
  66  6:42  Unknown  
  51  7:04  Zergling x4  
  51  7:05  Zergling x20  
  59  7:19  Drone x3  
  62  7:38  Overlord  
  62  7:40  Zergling x8  
  62  7:41  Zergling x2  
  67  7:51  Lair  
  67  8:01  Zergling x22  
  78  8:14  Drone x6, Extractor  
  78  8:15  Extractor  
  78  8:19  Zerg Ground Armor Level 1, Zerg Melee Weapons Level 1  
  82  8:22  Drone x3  
  82  8:23  Drone x3  
  88  8:34  Baneling Nest  
  87  8:54  Drone x5  
  87  8:55  Drone x5  
  97  9:00  Extractor  
  96  9:06  Hydralisk Den  
  96  9:14  Infestation Pit  
  96  9:15  Drone x8  
  96  9:16  Drone, Queen  
  106  9:38  Queen  
  106  9:41  Queen  
  106  9:45  Unknown  
  103  10:02  Zergling x6  
  103  10:03  Zergling x10  
  103  10:04  Zergling x2  
  103  10:05  Overlord x6  
  102  10:14  Zerg Ground Armor Level 2, Zerg Melee Weapons Level 2  
  99  10:18  Hive  
  96  10:40  Zergling x4  
  96  10:41  Zergling x18  
  96  10:42  Zergling x16  
  115  11:01  Hatchery  
  115  11:02  Queen x2, Extractor x2  
  116  11:25  Extractor  
  115  11:27  Drone x9  
  115  11:28  Drone x4  
  128  11:34  Queen  
  128  11:38  Queen  
  132  11:44  Ultralisk Cavern  
  125  13:04  Ultralisk x4  
  125  13:05  Ultralisk  
  154  13:06  Overlord x5  
  154  13:07  Overlord x2  
  134  13:28  Chitinous Plating  
  134  13:32  Zerg Ground Armor Level 3, Zerg Melee Weapons Level 3  
  129  13:55  Zergling x6  
  129  13:56  Zergling x18  
  129  13:57  Zergling x14  
  129  13:58  Zergling x32  
  129  14:00  Zergling x6  
  166  14:08  Hatchery  
  161  14:18  Hatchery  
  161  14:24  Unknown  
  159  14:31  Unknown  
  158  14:42  Unknown  
  158  14:49  Unknown  
  158  14:50  Zergling x24  
  158  14:51  Zergling x14  
  172  15:17  Unknown  
  161  15:48  Hatchery  
  160  15:57  Drone  
  160  15:58  Drone x2, Spire  
  160  15:59  Spire  
  161  16:15  Ultralisk x3  
  161  16:16  Ultralisk x3  
  161  16:17  Zergling x4  
  161  16:18  Zergling x2  
  196  17:11  Zerg Flyer Weapons Level 1  
  196  17:12  Zerg Flyer Armor Level 1  
  196  17:13  Unknown  
  196  17:25  Unknown  
  182  18:41  Unknown  
  171  19:43  Unknown  
  137  23:17  Unknown  
  131  24:26  Mutalisk  
  131  24:27  Mutalisk x17  
  131  24:28  Mutalisk x7  
Show
View Real Time Build Order
Export as new Build Order

chusux Protoss - Winner!

Build Orders:  

Get SALT Encoding   

  12  0:03  Probe (Chrono Boost)  
  13  0:14  Probe (Chrono Boost)  
  14  0:24  Probe (Chrono Boost)  
  15  0:31  Pylon  
  15  0:37  Pylon  
  16  0:50  Probe (Chrono Boost)  
  16  0:58  Pylon  
  16  1:00  Probe (Chrono Boost)  
  17  1:11  Probe (Chrono Boost)  
  18  1:16  Assimilator  
  18  1:21  Probe (Chrono Boost)  
  18  1:23  Pylon  
  19  1:32  Probe (Chrono Boost)  
  20  1:42  Probe (Chrono Boost)  
  20  1:44  Assimilator  
  21  1:53  Probe (Chrono Boost)  
  22  1:57  Gateway  
  22  2:03  Probe (Chrono Boost)  
  23  2:11  Nexus  
  23  2:14  Probe (Chrono Boost)  
  24  2:25  Probe (Chrono Boost)  
  25  2:31  Gateway  
  25  3:02  Cybernetics Core  
  25  3:04  Zealot  
  27  3:17  Pylon  
  27  3:24  Probe (Chrono Boost)  
  28  3:31  Zealot  
  30  3:34  Forge, Probe (Chrono Boost)  
  31  3:45  Probe (Chrono Boost)  
  31  3:46  Stargate  
  33  3:55  Probe (Chrono Boost)  
  33  3:58  Zealot  
  35  4:06  Probe (Chrono Boost)  
  38  4:17  Zealot  
  38  4:25  Zealot  
  40  4:35  Fleet Beacon  
  40  4:44  Zealot  
  42  4:47  Probe (Chrono Boost)  
  42  4:52  Zealot  
  45  4:53  Assimilator  
  45  4:57  Assimilator  
  45  4:58  Probe (Chrono Boost)  
  46  5:03  Phoenix  
  48  5:09  Probe (Chrono Boost)  
  48  5:11  Zealot  
  51  5:19  Probe (Chrono Boost), Adept  
  54  5:30  Probe (Chrono Boost)  
  51  5:38  Sentry  
  51  5:40  Protoss Ground Weapons Level 1, Probe (Chrono Boost)  
  54  5:46  Adept  
  56  5:51  Probe (Chrono Boost)  
  56  5:54  Carrier  
  53  6:01  Probe (Chrono Boost)  
  53  6:02  Pylon  
  49  6:05  Sentry  
  49  6:12  Probe (Chrono Boost)  
  49  6:13  Zealot  
  52  6:31  Zealot  
  54  6:41  Zealot  
  54  6:45  Photon Cannon  
  56  6:48  Photon Cannon  
  56  6:58  Zealot  
  58  7:08  Zealot  
  60  7:09  Pylon  
  60  7:25  Zealot  
  58  7:34  Protoss Ground Armor Level 1  
  58  7:35  Zealot  
  54  7:52  Zealot  
  54  7:54  Cybernetics Core  
  56  8:02  Zealot  
  58  8:08  Photon Cannon  
  58  8:19  Adept  
  60  8:29  Zealot  
  62  8:40  Carrier  
  68  8:46  Adept  
  70  8:54  Pylon  
  70  8:56  Zealot  
  72  9:05  Graviton Catapult  
  72  9:13  Zealot  
  74  9:23  Zealot, Cybernetics Core  
  76  9:26  Cybernetics Core  
  76  9:28  Cybernetics Core  
  76  9:31  Cybernetics Core  
  76  9:37  Pylon  
  76  9:40  Zealot, Pylon  
  78  9:50  Zealot  
  80  9:52  Nexus  
  80  10:02  Anion Pulse-Crystals  
  80  10:05  Protoss Air Weapons Level 1  
  80  10:06  Carrier  
  86  10:13  Probe (Chrono Boost)  
  89  10:24  Probe (Chrono Boost)  
  90  10:29  Zealot  
  90  10:34  Probe (Chrono Boost)  
  91  11:31  Carrier  
  91  11:32  Probe (Chrono Boost)  
  98  11:43  Probe (Chrono Boost)  
  99  11:53  Probe (Chrono Boost)  
  100  11:55  Photon Cannon  
  100  11:56  Photon Cannon  
  100  11:58  Photon Cannon  
  100  11:59  Protoss Air Armor Level 1, Photon Cannon  
  100  12:02  Photon Cannon  
  100  12:04  Probe (Chrono Boost)  
  101  12:14  Probe (Chrono Boost)  
  102  12:17  Adept x2  
  106  12:44  Zealot, Adept  
  110  12:53  Probe (Chrono Boost)  
  110  12:57  Tempest  
  117  13:35  Zealot  
  117  13:37  Probe (Chrono Boost)  
  116  13:48  Probe (Chrono Boost)  
  117  14:24  Nexus  
  117  14:34  Protoss Air Weapons Level 2  
  117  14:46  Twilight Council  
  117  15:24  Charge  
  117  15:27  Zealot  
  117  15:30  Protoss Ground Weapons Level 2  
  117  15:32  Templar Archives  
  117  15:35  Zealot, Tempest  
  125  15:53  Assimilator  
  125  15:54  Zealot  
  125  15:56  Assimilator  
  127  16:03  Zealot  
  129  16:12  Pylon  
  129  16:14  Pylon  
  129  16:16  Pylon  
  129  16:20  Pylon  
  129  16:21  Zealot  
  129  16:24  Pylon  
  131  16:30  Zealot, Carrier  
  135  16:48  Zealot  
  135  16:49  Protoss Air Armor Level 2  
  137  16:57  Zealot  
  139  17:04  Blink  
  139  17:15  Zealot  
  141  17:24  Zealot  
  141  17:43  High Templar  
  143  17:45  Protoss Ground Armor Level 2  
  143  17:50  Probe (Chrono Boost)  
  144  17:52  High Templar  
  144  17:56  Phoenix  
  146  17:59  Assimilator  
  146  18:01  Probe (Chrono Boost)  
  146  18:03  Assimilator  
  147  18:12  Probe (Chrono Boost)  
  148  18:21  Phoenix  
  148  18:22  Probe (Chrono Boost), High Templar  
  140  18:31  High Templar  
  138  18:46  Phoenix  
  137  19:01  High Templar  
  139  19:05  Resonating Glaives  
  139  19:09  Psionic Storm  
  139  19:10  High Templar, Phoenix  
  139  19:12  Protoss Air Weapons Level 3  
  141  19:35  Phoenix  
  143  19:40  High Templar  
  145  19:49  Zealot  
  147  20:00  Phoenix  
  149  20:12  Pylon  
  149  20:14  Pylon  
  149  20:16  Zealot, Pylon  
  149  20:20  Zealot  
  153  20:25  Phoenix  
  155  20:43  Adept  
  155  20:47  Adept  
  145  21:14  Adept  
  129  22:37  High Templar x2  
  129  22:41  Phoenix  
  119  23:06  Phoenix  
  117  23:16  High Templar x2  
  117  23:31  Gateway, Phoenix  
  117  23:32  Gateway  
  119  23:35  Gateway  
  119  23:39  Stargate  
  119  23:44  Stargate  
  119  23:48  Stargate  
  121  23:55  High Templar  
  121  23:56  High Templar, Phoenix  
  125  24:21  Phoenix  
  127  24:35  High Templar x2  
  129  25:07  Zealot x3  
  131  25:13  Void Ray x2  
  147  25:14  High Templar x2  
  147  25:34  Zealot x3  
  153  25:47  Archon  
  151  26:01  Zealot, Sentry x2  
  157  26:27  Adept  
  157  26:28  Sentry, Adept  
Show
View Real Time Build Order
Export as new Build Order

nachro Terran - Winner!

Build Orders:  

Get SALT Encoding   

  12  0:36  Supply Depot  
  12  0:52  SCV, Engineering Bay  
  13  1:04  SCV  
  14  1:17  SCV  
  15  1:56  Barracks  
  15  2:53  Marine  
  16  2:59  SCV  
  17  3:10  Marine  
  17  3:11  SCV  
  19  3:23  SCV  
  20  3:28  Marine  
  21  3:36  SCV  
  22  3:48  SCV  
  23  4:12  Supply Depot  
  23  4:22  Supply Depot  
  23  4:29  Supply Depot  
  23  4:34  Marine, SCV  
  25  4:46  SCV  
  25  4:51  Marine  
  27  4:58  SCV  
  28  5:09  Marine  
  28  5:10  SCV  
  30  5:22  Refinery, SCV  
  30  5:27  Refinery, Marine  
  32  5:45  Marine  
  33  6:32  Command Center  
  33  7:12  Reaper  
  34  7:44  Reaper  
  35  8:11  Barracks  
  35  8:16  Reaper  
  36  8:48  Reaper  
  37  9:20  Marine  
  38  9:37  Marine  
  39  10:03  Orbital Command  
  39  11:13  SCV  
  40  11:25  SCV  
  41  11:37  SCV  
  42  11:50  SCV  
  43  12:02  SCV  
  32  12:42  Marine  
  33  13:00  Marine  
  34  13:12  Barracks  
  34  13:18  Marine  
  35  13:20  Barracks  
  35  13:35  Refinery  
  35  13:36  Marine  
  35  13:40  Refinery  
  36  13:54  Marine  
  37  14:11  Marine  
  38  14:29  Marine  
  39  14:34  SCV  
  40  14:46  SCV  
  40  14:47  Reaper  
  40  14:48  Factory  
  37  14:58  SCV  
  36  15:10  SCV  
  36  15:12  Missile Turret  
  37  15:19  Missile Turret, Reaper  
  38  15:34  Hellion  
  40  15:50  Marine  
  40  15:51  Marine  
  40  15:54  Marine  
  40  15:55  Widow Mine  
  45  16:08  Marine  
  45  16:09  Marine  
  47  16:12  Marine  
  48  16:24  Cyclone, Sensor Tower  
  51  16:26  Marine  
  51  16:27  Marine  
  51  16:30  Marine  
  54  16:34  Missile Turret  
  52  16:44  Marine  
  52  16:45  Marine  
  52  16:46  Marine  
  55  16:48  Marine  
  56  16:56  Hellion  
  49  17:01  Marine  
  49  17:04  Marine  
  49  17:06  Marine  
  44  17:15  Missile Turret  
  42  17:17  Widow Mine  
  42  17:21  Marine  
  45  17:39  Marine  
  46  17:57  Marine  
  47  18:14  Starport  
  47  18:15  Reaper  
  48  18:33  Armory  
  48  18:40  Marine  
  49  18:43  Marine  
  49  18:47  Reaper  
  51  18:48  Marine  
  52  18:57  Marine  
  52  19:01  Marine  
  54  19:06  Marine  
  50  19:15  Reaper  
  48  19:19  Reaper x2  
  50  19:24  Reaper  
  49  19:48  Reaper  
  49  19:51  Reaper  
  51  19:53  Barracks  
  51  19:56  Barracks x2, Reaper  
  52  20:02  Barracks  
  52  20:04  Barracks  
  52  20:07  Barracks  
  53  20:23  Marine  
  53  20:28  Barracks Reactor, Marine  
  54  20:47  Supply Depot  
  54  20:49  Supply Depot x2  
  54  21:11  Supply Depot  
  54  21:12  Supply Depot  
  54  21:13  Supply Depot  
  54  21:31  SCV x2  
  56  21:37  Supply Depot  
  56  23:21  Barracks Reactor  
  56  23:22  Barracks Reactor x6  
  56  23:31  Barracks Reactor  
  56  24:20  Marine  
  56  24:21  Marine x6  
  56  24:22  Marine x5  
  56  24:23  Marine x5  
  56  24:24  Marine  
  74  24:38  Marine x2  
  74  24:39  Marine x6  
  74  24:40  Marine x5  
  74  24:41  Marine x5  
  92  24:56  Marine x3  
  92  24:57  Marine x6  
  92  24:58  Marine x5  
  92  24:59  Marine x4  
  110  25:14  Marine x4  
  110  25:15  Marine x6  
  110  25:16  Marine x6  
  110  25:17  Marine x2  
  128  25:59  Supply Depot  
  128  26:03  Supply Depot  
  128  26:05  Supply Depot  
  128  26:07  Supply Depot x2  
  128  26:10  Supply Depot  
Show
View Real Time Build Order
Export as new Build Order

RobTheWise Terran - Winner!

Build Orders:  

Get SALT Encoding   

  12  0:34  Supply Depot  
  12  0:35  Supply Depot  
  12  0:36  Supply Depot  
  12  1:04  Barracks  
  12  1:07  Barracks  
  12  1:37  Supply Depot  
  12  1:56  Marine x2  
  12  2:01  Supply Depot  
  14  2:13  Marine  
  15  2:21  Marine  
  16  2:23  Supply Depot  
  16  2:27  SCV  
  17  2:31  Marine  
  18  2:39  Marine  
  19  2:49  Marine  
  20  2:53  SCV  
  20  2:56  Marine  
  22  3:05  SCV  
  23  3:09  Refinery  
  23  3:16  Refinery  
  23  3:17  SCV  
  24  3:29  SCV  
  25  3:41  SCV  
  26  3:53  SCV  
  27  3:55  Marine  
  27  3:56  Marine  
  29  4:05  SCV  
  30  4:13  Marine  
  30  4:14  Marine  
  32  4:17  SCV  
  33  4:29  SCV  
  34  4:31  Marine x2  
  34  4:34  Engineering Bay  
  36  4:49  Marine x2  
  38  5:07  Marine x2  
  40  5:32  Orbital Command  
  40  5:58  Barracks Reactor  
  40  6:00  Barracks Tech Lab  
  32  7:40  Terran Infantry Weapons Level 1  
  32  7:46  Marine x2  
  35  7:55  Marauder  
  36  8:03  Marine  
  36  8:04  Marine  
  38  8:16  Marauder  
  40  8:21  Marine x2  
  42  8:38  Marauder  
  42  8:39  Marine x2  
  46  8:43  Supply Depot  
  46  8:44  Supply Depot  
  46  8:47  Supply Depot  
  46  8:49  Supply Depot  
  46  8:50  Supply Depot  
  46  8:59  Marauder  
  48  9:20  Marauder  
  50  9:34  Terran Infantry Armor Level 1  
  44  9:42  Marauder  
  42  10:03  Marauder  
  44  10:24  Marauder  
  46  11:02  Marine  
  46  11:03  Marine x2  
  49  11:17  Barracks  
  49  11:19  Barracks  
  49  11:20  Marine  
  49  11:21  Marine x2  
  52  11:28  Neosteel Frame  
  52  11:38  Marine x3  
  55  11:56  Marine x3  
  58  12:14  Marine  
  53  12:47  Hi-Sec Auto Tracking  
  32  13:44  Building Armor  
  32  13:54  Marine x4  
  37  13:56  Factory  
  37  14:04  Marauder  
  38  14:11  Marine  
  38  14:12  Marine x3  
  42  14:26  Marauder  
  42  14:29  Marine x2  
  42  14:30  Marine x2  
  48  14:47  Marine x4, Marauder  
  52  15:05  Marine x2, Factory  
  44  15:08  Marauder  
  46  15:21  Factory Tech Lab  
  46  15:30  Marauder  
  48  15:51  Starport  
  48  16:03  Armory  
  48  16:12  Siege Tank  
  48  16:17  Cyclone  
  54  16:31  Starport Tech Lab  
  54  16:44  Siege Tank  
  57  16:49  Cyclone  
  60  17:16  Siege Tank  
  60  17:21  Cyclone  
  66  17:48  Siege Tank  
  69  17:54  Cyclone  
  65  18:20  Siege Tank  
  65  18:26  Cyclone  
Show
View Real Time Build Order
Export as new Build Order

A.I. 4 (Medium) Terran 

Build Orders:  

Get SALT Encoding   

  12  0:01  SCV  
  13  0:13  SCV  
  14  0:19  Supply Depot  
  14  0:25  SCV  
  15  0:41  SCV  
  16  0:43  Barracks  
  16  0:50  Refinery  
  16  0:53  SCV  
  17  1:05  SCV  
  18  1:18  Supply Depot  
  18  1:30  Marine  
  19  1:34  Barracks, Orbital Command  
  19  1:44  Refinery  
  19  1:50  Barracks Tech Lab  
  19  2:05  Factory  
  19  2:08  Marine  
  20  2:25  Marine, Supply Depot  
  20  2:28  Marine  
  22  2:43  Marine  
  23  2:46  Marine  
  23  2:47  SCV  
  25  2:54  Hellion  
  27  2:59  SCV  
  27  3:00  Engineering Bay  
  27  3:02  Marine  
  29  3:08  Supply Depot  
  29  3:11  SCV  
  30  3:16  Hellion  
  32  3:23  SCV  
  33  3:35  SCV  
  33  3:37  Hellion  
  36  3:48  SCV  
  37  5:08  Barracks Tech Lab  
  37  5:09  Marauder  
  37  5:11  SCV, Factory  
  37  5:12  Factory Tech Lab  
  37  5:13  Supply Depot  
  40  5:16  Missile Turret  
  40  5:19  Missile Turret  
  40  5:23  SCV  
  40  5:24  Barracks  
  41  5:29  Sensor Tower  
  41  5:31  Marauder  
  43  5:37  Starport  
  43  5:40  Supply Depot, Siege Tank  
  46  5:43  Bunker  
  46  5:52  Command Center  
  46  5:54  Factory Tech Lab  
  45  6:12  Armory, Siege Tank  
  45  6:13  Starport Tech Lab  
  45  6:19  Marine  
  45  6:20  Barracks Reactor  
  45  6:32  Marine  
  45  6:33  Raven  
  42  6:45  Marine  
  43  6:58  Marine  
  40  7:05  SCV  
  40  7:08  SCV  
  42  7:11  Marine  
  43  7:16  Raven  
  43  7:17  SCV  
  43  7:20  SCV  
  47  7:24  Marine  
  47  7:29  SCV  
  49  7:32  SCV  
  49  7:33  Refinery  
  49  7:35  Missile Turret  
  50  7:38  Cyclone, Missile Turret  
  50  7:40  Refinery  
  50  7:41  SCV  
  54  7:44  SCV  
  55  7:53  SCV  
  55  7:56  SCV  
  57  8:00  Bunker  
  57  8:05  SCV  
  57  8:08  SCV  
  59  8:17  SCV  
  60  8:20  SCV  
  61  8:30  SCV  
  61  8:33  SCV  
  63  8:42  SCV  
  63  8:45  SCV  
  65  8:54  SCV  
  66  8:57  SCV  
  66  9:06  SCV  
  66  9:09  SCV  
  68  9:34  Siege Tank  
  68  9:35  Medivac  
  68  9:37  Stimpack, Combat Shields  
  73  9:39  Starport, Terran Infantry Weapons Level 1  
  73  9:41  Marine  
  73  9:42  Supply Depot  
  74  9:47  Ghost Academy  
  74  9:55  Command Center, Engineering Bay  
  74  10:01  Marine, Fusion Core  
  74  10:04  Raven  
  69  10:08  Marine, Armory  
  69  10:10  Supply Depot  
  70  10:14  Medivac  
  70  10:17  Marine  
  73  10:21  Terran Infantry Armor Level 1  
  73  10:24  Marine  
  69  10:31  Marine  
  64  10:39  Marine  
  65  10:45  Starport Reactor  
  65  10:46  Siege Tank  
  68  10:54  Marine  
  69  11:01  Siege Tank  
  72  11:08  Marine  
  72  11:09  SCV  
  74  11:13  SCV  
  74  11:15  SCV  
  74  11:16  Marine  
  77  11:21  SCV  
  77  11:24  Siege Tank  
  77  11:25  SCV  
  82  11:27  SCV  
  83  11:33  SCV, Siege Tank  
  83  11:37  SCV  
  89  11:40  SCV  
  88  11:55  SCV  
  88  11:56  Refinery, Siege Tank  
  92  12:02  Missile Turret  
  92  12:06  Missile Turret  
  92  12:09  Refinery  
  92  12:15  Siege Tank  
  92  12:19  SCV  
  92  12:28  Siege Tank  
  92  12:36  Bunker  
  92  12:40  SCV  
  92  12:43  SCV  
  92  12:49  Siege Tank  
  92  12:50  SCV  
  92  13:24  Siege Tank  
  91  13:31  Marine  
  88  13:36  Marine  
  88  13:38  Marine  
  89  13:42  Terran Infantry Weapons Level 2, Supply Depot  
  89  13:43  Marine  
  89  13:46  Terran Ship Weapons Level 1  
  90  13:49  Marine, Terran Infantry Armor Level 2  
  90  13:50  Bunker  
  90  13:51  Terran Vehicle Weapons Level 1  
  90  13:54  Marauder  
  93  13:56  Marine  
  93  14:01  Marine  
  94  14:07  Marine, SCV  
  96  14:10  Supply Depot  
  96  14:14  Marine  
  96  14:15  Marine  
  98  14:18  Marine  
  86  14:24  Marine  
  81  14:32  Marine  
  81  14:33  Marine, Raven  
  81  14:36  Marine  
  81  14:42  Marine  
  79  14:47  SCV  
  79  14:50  Marine, SCV  
  79  14:51  Marauder  
  79  14:54  Marine  
  79  14:57  SCV  
  79  15:00  Marine  
  79  15:02  SCV  
  79  15:06  SCV  
  74  15:08  Marine  
  74  15:12  Marine  
  74  15:13  Marine  
  69  15:14  SCV  
  69  15:17  SCV  
  69  15:18  Marine  
  69  15:21  Missile Turret  
  68  15:23  SCV  
  68  15:25  Marine  
  68  15:28  SCV  
  67  15:29  Ghost  
  67  15:30  Marine  
  67  15:32  SCV  
  68  15:36  Marine  
  68  15:38  SCV  
  68  15:41  SCV  
  69  15:43  Marine  
  69  15:47  Terran Vehicle And Ship Armor Level 1  
  66  15:50  Marine, SCV  
  66  15:55  SCV  
  66  15:56  Marine  
  66  16:01  Marine  
  66  16:02  SCV  
  68  16:04  Marine  
  68  16:06  Terran Vehicle Weapons Level 2  
  68  16:07  SCV  
  68  16:10  Terran Infantry Weapons Level 3  
  70  16:14  Marine  
  70  16:18  SCV  
  72  16:19  Marine  
  72  16:21  Terran Infantry Armor Level 3  
  73  16:27  Marine  
  73  16:30  Marine  
  75  16:34  Marine  
  75  16:38  Marine  
  75  16:45  Marine  
  56  16:48  Marine  
  57  16:55  Marine  
  57  16:56  Marine  
  59  17:02  Marine  
  59  17:05  Marine  
  61  17:13  Marine  
  61  17:14  Marine  
  63  17:20  Marine  
  63  17:26  Marine  
  63  17:32  Marauder  
  63  17:33  Marine  
  61  17:38  Marine  
  61  17:42  Terran Vehicle And Ship Armor Level 2  
  61  17:44  Marine, SCV  
  61  17:48  Viking  
  65  17:54  Marauder  
  65  17:56  Marauder  
  67  17:58  Marine  
  67  18:01  Concussive Shells  
  67  18:04  Marine  
  59  18:06  SCV  
  43  18:15  Marauder  
  43  18:17  Marine  
  43  18:18  Marine, SCV  
  43  18:22  Marine  
  33  18:30  Hellion, SCV  
  36  18:36  Marine  
  36  18:37  Marauder  
  37  18:42  SCV  
  37  18:46  Marine  
  37  18:54  Ghost  
  37  18:55  SCV  
  40  18:59  Marine  
  40  19:02  Marine  
  41  19:08  Marine  
  43  19:16  Marine  
  41  19:20  Marine  
  41  19:23  Marine  
  32  19:32  SCV  
  32  19:33  Command Center  
  32  19:44  SCV  
  30  19:56  SCV  
  30  19:57  Viking  
  27  20:23  SCV  
  28  20:37  SCV  
  29  20:45  Raven  
  29  20:49  SCV  
  17  21:04  Marine  
  17  21:11  Marine  
  14  21:39  SCV  
  9  21:51  SCV  
  8  22:04  SCV  
  8  22:16  SCV  
  9  22:28  SCV  
  10  22:40  SCV  
  11  23:34  Marine, SCV  
  9  24:59  Marine  
  9  25:00  SCV  
  9  25:02  Marine  
  8  25:43  Marine  
  8  25:46  Marine  
Show
View Real Time Build Order
Export as new Build Order

A.I. 5 (Medium) Terran 

Build Orders:  

Get SALT Encoding   

  12  0:01  SCV  
  13  0:13  SCV  
  14  0:20  Supply Depot  
  14  0:25  SCV  
  15  0:42  SCV  
  16  0:47  Barracks  
  16  0:49  Refinery  
  16  0:54  SCV  
  17  1:06  SCV  
  18  1:17  Supply Depot  
  18  1:34  Barracks, Orbital Command  
  18  1:35  Barracks Tech Lab  
  18  1:44  Refinery  
  18  1:53  Marine  
  19  2:11  Marine  
  19  2:14  Supply Depot  
  20  2:21  Marine  
  21  2:33  Marine  
  22  2:45  Marine  
  22  2:47  Supply Depot  
  23  2:56  SCV  
  23  2:57  Marine  
  25  3:08  SCV, Engineering Bay  
  25  3:09  Marine  
  27  3:20  SCV  
  27  3:22  Marauder  
  30  3:32  SCV  
  31  3:34  Marine  
  32  3:44  SCV  
  32  3:47  Marauder  
  32  3:48  Supply Depot  
  35  3:56  SCV  
  35  3:58  Marine  
  37  4:11  Marauder  
  39  4:23  Marine  
  40  4:35  Marine  
  41  4:47  SCV  
  41  5:32  SCV  
  41  6:44  Barracks Tech Lab  
  41  6:48  Factory  
  41  6:52  Factory  
  41  6:53  Command Center  
  41  6:56  Missile Turret  
  41  6:57  Supply Depot  
  41  7:00  Missile Turret  
  41  7:06  Sensor Tower  
  41  7:10  Barracks  
  40  7:22  Bunker  
  40  7:24  Marine  
  35  7:34  Factory Tech Lab, Starport  
  35  7:36  Factory Tech Lab  
  31  7:37  Marine  
  31  7:41  Armory  
  28  7:50  Marauder  
  27  7:58  Barracks Reactor  
  27  8:01  Marine  
  28  8:06  SCV  
  28  8:07  Refinery  
  28  8:09  SCV  
  30  8:14  Marine  
  30  8:18  SCV, Missile Turret, Starport Tech Lab  
  32  8:20  Missile Turret  
  32  8:21  SCV  
  32  8:23  Refinery  
  32  8:26  Marine  
  33  8:30  SCV  
  33  8:33  SCV  
  35  8:37  Raven  
  35  8:38  Marine  
  38  8:42  SCV  
  38  8:45  SCV  
  38  8:46  Bunker  
  40  8:50  Marine  
  40  8:54  SCV  
  42  8:57  SCV  
  43  9:03  Marine  
  43  9:06  SCV  
  43  9:09  SCV  
  46  9:15  Siege Tank  
  49  9:19  SCV, Raven  
  49  9:21  SCV  
  53  9:27  Siege Tank  
  53  9:31  SCV  
  57  9:33  SCV  
  58  9:40  Marauder  
  58  9:43  SCV  
  61  9:46  SCV  
  61  9:52  Cyclone  
  65  9:55  SCV  
  65  9:58  SCV  
  67  10:07  SCV  
  67  11:32  Medivac, Siege Tank  
  70  11:34  Stimpack  
  70  11:35  Combat Shields  
  70  11:36  Terran Infantry Weapons Level 1  
  70  11:38  Marine, Starport  
  73  11:41  Supply Depot  
  73  11:44  Ghost Academy  
  73  11:45  Marine  
  74  11:49  Fusion Core  
  74  11:50  Engineering Bay  
  74  11:57  Armory  
  74  12:01  Siege Tank  
  74  12:02  Medivac  
  74  12:07  Supply Depot  
  67  12:08  Siege Tank  
  67  12:15  Marine, Starport Reactor  
  56  12:17  Terran Infantry Armor Level 1  
  56  12:22  Marine  
  58  12:29  Marine  
  59  12:32  Raven  
  59  12:35  Marine  
  62  12:42  Marine  
  63  12:49  Marine  
  64  12:55  Marine  
  65  13:02  Marine  
  66  13:10  Siege Tank  
  69  13:14  Command Center  
  69  13:15  Raven  
  69  13:16  Siege Tank  
  74  13:35  Marine  
  68  13:42  Marine  
  68  13:48  Marine  
  68  13:55  Marine  
  70  13:58  Raven  
  70  14:01  Marine  
  73  14:08  Marine  
  74  14:15  Marine  
  75  14:22  Siege Tank  
  78  14:28  SCV  
  79  14:31  SCV  
  79  14:35  SCV  
  80  14:40  SCV  
  80  14:43  SCV  
  79  14:47  SCV  
  79  14:52  SCV  
  79  14:53  Marine  
  79  14:56  SCV  
  79  14:59  SCV  
  77  15:00  Marine  
  77  15:04  SCV  
  77  15:08  SCV  
  77  15:11  SCV  
  77  15:15  Missile Turret  
  77  15:16  SCV  
  77  15:17  Siege Tank  
  77  15:20  SCV  
  72  15:23  Marauder, SCV  
  72  15:25  Terran Infantry Weapons Level 2  
  69  15:28  SCV  
  69  15:29  Marauder  
  69  15:32  SCV, Supply Depot  
  69  15:34  Marine  
  57  15:36  Terran Ship Weapons Level 1  
  57  15:37  Marine  
  57  15:38  Terran Infantry Armor Level 2  
  57  15:40  SCV, Terran Vehicle Weapons Level 1  
  42  15:43  Marine  
  42  15:44  SCV  
  44  15:50  Marine  
  44  15:51  Medivac  
  44  15:52  Marine  
  44  15:53  SCV  
  44  15:55  Marine  
  50  15:59  SCV  
  50  16:01  Marine  
  51  16:05  SCV  
  51  16:08  Marine  
  51  16:09  Marine  
  54  16:12  Marine, SCV  
  54  16:17  SCV  
  57  16:19  Marine  
  57  16:20  Raven  
  57  16:24  SCV  
  61  16:25  Ghost  
  61  16:27  Marine  
  61  16:29  SCV  
  61  16:30  Marine  
  65  16:36  SCV  
  65  16:37  Marine  
  67  16:41  Viking, SCV  
  67  16:47  Marine  
  70  16:48  SCV  
  70  16:53  SCV  
  73  16:54  Ghost  
  73  16:55  Marauder  
  73  16:56  Concussive Shells  
  73  16:59  Marine  
  73  17:00  SCV  
  79  17:04  Marine  
  79  17:05  SCV  
  81  17:09  Medivac  
  81  17:12  Medivac  
  76  17:16  Marine  
  76  17:17  Marine  
  78  17:23  Marauder, Marine  
  77  17:34  Marine, Marauder  
  57  17:37  Terran Vehicle Weapons Level 2  
  57  17:39  Raven  
  57  17:41  Marine  
  57  17:44  Marine  
  58  17:52  Marine  
  58  17:55  Marine  
  58  17:59  Marine  
  58  18:02  Marine  
  60  18:10  Marine  
  61  18:14  Marauder  
  61  18:17  Marine  
  61  18:20  Marine  
  61  18:22  Raven  
  60  18:28  Marine  
  48  18:34  Marine  
  48  18:38  Marine  
  37  18:41  Viking  
  24  18:49  Marine  
  18  18:58  SCV  
  9  19:05  Raven  
  10  19:10  SCV  
  9  19:22  SCV  
  8  19:28  Marine  
  9  19:34  SCV  
  9  19:46  SCV  
  9  19:58  SCV  
  5  20:10  Marine, SCV  
  7  20:17  Marine  
Show
View Real Time Build Order
Export as new Build Order

A.I. 6 (Medium) Terran 

Build Orders:  

Get SALT Encoding   

  12  0:01  SCV  
  13  0:13  SCV  
  14  0:20  Supply Depot  
  14  0:25  SCV  
  15  0:42  SCV  
  16  0:45  Barracks  
  16  0:50  Refinery  
  16  0:54  SCV  
  17  1:06  SCV  
  18  1:17  Supply Depot  
  18  1:32  Marine  
  19  1:33  Orbital Command  
  19  1:36  Barracks  
  19  1:45  Refinery  
  19  1:51  Barracks Tech Lab  
  19  2:09  Marine  
  19  2:13  Supply Depot  
  20  2:27  Marine  
  21  2:30  Marine  
  21  2:34  SCV  
  23  2:44  Marine  
  23  2:47  SCV, Engineering Bay  
  23  2:48  Marine  
  26  2:59  SCV  
  26  3:03  Marauder  
  26  3:05  Supply Depot  
  29  3:11  SCV  
  30  3:23  SCV  
  30  3:24  Marauder  
  33  3:35  SCV  
  34  3:46  Marauder  
  36  5:05  Barracks Tech Lab  
  36  5:06  Reaper  
  37  5:08  SCV  
  37  5:10  Factory  
  38  5:14  Factory  
  38  5:17  Supply Depot  
  38  5:20  Missile Turret  
  38  5:23  Missile Turret, Reaper  
  38  5:24  Command Center  
  38  5:26  Sensor Tower  
  39  5:30  Barracks  
  39  5:38  Marine  
  40  5:44  Bunker  
  40  5:55  Marine, Armory  
  41  5:59  Marauder  
  41  6:02  Starport  
  41  6:03  Factory Tech Lab x2  
  43  6:17  Barracks Reactor  
  43  6:37  SCV  
  44  6:40  SCV  
  45  6:49  SCV  
  45  6:52  Refinery, SCV, Starport Tech Lab  
  47  6:54  Marine  
  47  6:55  Missile Turret  
  40  7:01  SCV  
  40  7:04  Marine, SCV  
  40  7:05  Refinery  
  41  7:09  Missile Turret  
  41  7:11  Raven  
  41  7:13  Marauder, SCV  
  44  7:16  SCV  
  44  7:22  Marauder  
  47  7:25  SCV  
  47  7:28  SCV  
  48  7:30  Marine  
  48  7:32  Bunker  
  49  7:37  SCV  
  49  7:39  Marine  
  49  7:40  SCV  
  52  7:48  Marauder  
  52  7:49  SCV  
  55  7:52  SCV  
  55  7:54  Raven  
  55  7:56  Marine  
  59  8:02  SCV  
  59  8:05  Marine, SCV  
  62  8:09  Supply Depot  
  62  8:14  SCV  
  62  8:17  SCV  
  64  8:26  SCV  
  65  8:29  SCV  
  66  8:38  SCV  
  66  8:41  SCV  
  68  8:50  SCV  
  68  9:12  Medivac  
  68  9:13  Marine  
  68  9:15  Stimpack  
  68  9:16  Combat Shields  
  71  9:18  Starport, Terran Infantry Weapons Level 1  
  71  9:19  Marine  
  71  9:23  Supply Depot  
  72  9:29  Ghost Academy  
  72  9:30  Command Center  
  72  9:35  Marine  
  72  9:36  Fusion Core  
  64  9:42  Marine, Medivac  
  64  9:43  Engineering Bay  
  59  9:47  Marine  
  58  9:53  Marine  
  58  9:54  Starport Reactor  
  58  9:59  Marine  
  60  10:00  Armory  
  60  10:06  Marine  
  61  10:09  Terran Infantry Armor Level 1  
  61  10:11  Marine, Raven  
  64  10:18  Marine  
  65  10:24  Marauder  
  67  10:30  Marauder  
  67  10:34  Concussive Shells  
  70  10:42  SCV  
  70  10:43  Refinery  
  70  10:46  Marauder, SCV  
  70  10:49  SCV  
  74  10:51  Marauder  
  74  10:54  SCV  
  74  10:57  Missile Turret  
  77  10:58  SCV  
  77  11:01  SCV, Missile Turret  
  77  11:03  Refinery  
  79  11:06  Ghost  
  79  11:07  SCV  
  79  11:10  SCV  
  83  11:13  SCV  
  84  11:24  Bunker  
  84  12:03  SCV  
  84  12:11  Ghost  
  84  12:18  Marauder  
  74  12:23  Marine  
  74  12:29  Marine  
  68  12:30  Raven  
  68  12:31  SCV  
  68  12:32  Medivac  
  68  12:33  Medivac  
  68  12:34  SCV  
  67  12:37  SCV  
  67  12:40  Marine  
  67  12:42  Marine  
  67  12:43  SCV  
  64  12:46  SCV, Missile Turret  
  64  12:48  Marine  
  64  12:49  SCV  
  64  12:51  Marine, Bunker  
  67  12:56  Supply Depot  
  67  12:57  SCV  
  67  12:58  Marauder  
  63  12:59  Marine  
  63  13:00  Terran Ship Weapons Level 1, Terran Infantry Weapons Level 2  
  63  13:04  Terran Vehicle Weapons Level 1  
  57  13:06  Marine  
  57  13:09  Marine  
  54  13:17  Marine  
  54  13:19  Marine  
  54  13:24  Marine  
  54  13:27  Marine  
  49  13:36  Marauder  
  49  13:37  Marauder  
  52  13:41  Marine  
  52  13:44  Marine  
  52  13:47  SCV  
  55  13:56  Marine  
  55  13:57  SCV  
  55  13:58  Marine  
  55  13:59  Marine  
  55  14:02  Marine  
  59  14:03  SCV  
  59  14:08  Command Center  
  61  14:15  Marauder  
  61  14:16  Marine  
  63  14:17  Marine  
  63  14:20  Marine  
  61  14:30  SCV  
  61  14:33  SCV, Ghost  
  61  14:35  Marine  
  61  14:36  Marine  
  64  14:38  Marine  
  64  14:42  SCV  
  57  14:53  Marine x2  
  57  14:54  Terran Vehicle And Ship Armor Level 1  
  57  14:56  Marine  
  49  15:02  Marine  
  46  15:11  Marine x2  
  42  15:15  Marine  
  42  15:16  Terran Infantry Armor Level 2  
  42  15:20  Marine  
  43  15:29  Marine x2  
  43  15:33  Marine  
  46  15:38  Marine  
  47  15:47  Marine x2  
  49  15:51  Marine  
  49  15:55  SCV  
  49  15:56  Marine  
  51  15:58  SCV  
  51  16:01  Hellion  
  54  16:04  SCV  
  54  16:05  Marine  
  54  16:07  SCV  
  54  16:08  Marine  
  54  16:11  SCV  
  59  16:14  Siege Tank  
  58  16:20  Starport  
  58  16:23  Siege Tank  
  59  16:28  Ghost  
  61  16:37  Marauder  
  55  16:42  Marine  
  56  16:48  Marine  
  57  16:56  Starport Tech Lab  
  57  16:57  Marine  
  57  17:00  Siege Tank  
  60  17:06  Marine  
  61  17:12  Siege Tank  
  64  17:18  Marine  
  64  17:19  SCV  
  64  17:21  Supply Depot  
  64  17:22  Terran Vehicle Weapons Level 2  
  65  17:24  SCV  
  65  17:25  Marine  
  55  17:32  Cyclone  
  55  17:35  Terran Infantry Armor Level 3  
  55  17:36  SCV  
  43  17:38  Marine  
  43  17:44  Thor  
  44  17:49  Marine  
  51  17:55  Marine  
  48  18:01  Marine  
  48  18:03  SCV  
  41  18:07  SCV  
  41  18:08  Command Center  
  41  18:09  Siege Tank  
  43  18:15  Marine, SCV  
  43  18:19  SCV  
  43  18:23  Viking  
  45  18:31  Siege Tank  
  45  18:32  Medivac  
  50  18:39  Marauder  
  52  18:45  Marine  
  53  18:51  Marine  
  53  18:53  Raven  
  54  18:57  Marine  
  54  18:59  Command Center  
  51  19:03  Marine  
  50  19:10  Hellion  
  50  19:16  Marine  
  53  19:23  Marine  
  50  19:38  Marine  
  41  20:01  Marauder  
  41  20:22  Marine  
  41  20:26  Factory  
  41  20:35  SCV  
  41  20:37  SCV  
  41  20:39  Marine  
  41  20:40  SCV  
  44  20:44  Barracks  
  44  20:47  SCV  
  40  20:53  SCV  
  40  20:56  SCV  
  29  21:02  Marine  
  29  21:06  SCV  
  29  21:11  Hellion, SCV  
  31  21:19  SCV  
  31  21:20  Marine  
  31  21:24  Starport  
  29  21:30  Marine  
  30  21:38  Hellion  
  31  21:45  Marine  
  26  21:52  Marine  
  25  21:55  SCV  
  22  22:02  Marine, Medivac  
  22  22:07  Hellion  
  20  22:21  Marauder  
Show
View Real Time Build Order
Export as new Build Order

A.I. 7 (Medium) Zerg 

Build Orders: Pool First 

Get SALT Encoding   

  12  0:01  Drone  
  13  0:12  Overlord  
  13  0:17  Drone  
  14  0:30  Drone  
  14  0:33  Drone  
  16  0:43  Spawning Pool  
  16  0:45  Drone  
  17  0:50  Drone  
  17  0:52  Extractor  
  17  0:56  Drone  
  17  1:06  Overlord  
  17  1:31  Queen, Zergling x2  
  20  1:38  Drone  
  20  1:39  Roach Warren  
  20  1:41  Zergling x2  
  20  1:45  Extractor  
  20  1:49  Drone  
  21  2:00  Drone  
  22  2:10  Overlord  
  22  2:21  Roach  
  24  2:32  Roach  
  26  2:42  Roach  
  28  2:46  Overlord  
  28  2:50  Drone  
  29  2:52  Roach  
  29  2:57  Drone  
  32  3:08  Drone  
  32  3:10  Drone, Roach  
  36  3:13  Drone  
  36  3:19  Drone  
  38  3:27  Baneling Nest  
  38  3:29  Evolution Chamber  
  38  3:30  Roach  
  38  3:42  Drone  
  38  3:44  Overlord  
  38  3:45  Drone  
  40  4:47  Zergling x2  
  40  5:08  Drone, Lair  
  40  5:10  Overlord  
  40  5:13  Drone, Spore Crawler  
  41  5:15  Spore Crawler  
  41  5:16  Drone  
  41  5:30  Evolution Chamber  
  41  5:32  Drone  
  41  5:33  Hatchery  
  40  5:54  Drone  
  40  6:03  Spine Crawler  
  39  6:04  Drone  
  39  6:05  Queen, Overseer  
  39  6:09  Hydralisk Den, Overseer  
  41  6:12  Spire  
  41  6:14  Drone  
  41  6:15  Spine Crawler  
  41  6:17  Drone, Infestation Pit  
  40  6:21  Drone  
  40  6:24  Drone  
  42  6:38  Zergling x2  
  42  6:46  Drone  
  43  6:50  Drone  
  43  6:51  Hydralisk  
  43  6:53  Drone  
  47  6:56  Drone  
  47  6:59  Drone  
  49  7:02  Drone  
  49  7:03  Hydralisk  
  49  7:05  Drone  
  47  7:09  Drone, Spore Crawler  
  47  7:14  Hydralisk  
  47  7:15  Spore Crawler  
  42  7:20  Overlord  
  42  7:25  Roach  
  42  7:27  Drone  
  45  7:30  Drone  
  45  7:33  Drone  
  45  7:36  Roach  
  49  7:39  Drone  
  49  7:41  Overlord  
  50  7:44  Drone  
  50  7:47  Roach  
  50  7:49  Drone  
  54  7:52  Drone  
  54  7:58  Roach  
  57  8:00  Drone  
  57  8:02  Drone  
  59  8:05  Overlord  
  59  8:07  Overseer  
  59  8:09  Overseer  
  59  8:10  Drone  
  60  8:16  Drone  
  60  8:18  Roach, Spine Crawler  
  60  8:19  Drone  
  63  8:23  Spine Crawler  
  63  8:24  Drone  
  63  8:27  Queen  
  63  8:28  Hydralisk  
  67  9:06  Corruptor, Hive, Overlord  
  67  9:07  Pneumatized Carapace  
  67  9:08  Overseer  
  69  9:19  Infestor  
  71  9:25  Overlord, Extractor  
  71  9:26  Zerg Melee Weapons Level 1  
  70  9:33  Corruptor, Extractor  
  70  9:34  Hatchery  
  51  9:46  Infestor  
  51  9:48  Drone  
  54  9:56  Drone  
  56  10:00  Drone, Overseer, Zergling x2  
  57  10:18  Zerg Ground Armor Level 1  
  57  10:20  Greater Spire  
  57  10:37  Burrow  
  57  10:48  Drone  
  57  10:49  Queen  
  58  10:51  Drone  
  58  10:54  Drone  
  58  10:57  Drone, Extractor  
  61  11:00  Drone  
  61  11:01  Spore Crawler  
  61  11:03  Drone  
  63  11:05  Spore Crawler  
  63  11:06  Drone  
  63  11:07  Ultralisk Cavern  
  63  11:09  Drone  
  63  11:10  Extractor  
  62  11:13  Drone  
  62  11:15  Spore Crawler  
  62  11:16  Drone  
  63  11:19  Drone  
  63  11:20  Zerg Missile Weapons Level 1  
  63  11:22  Drone  
  63  11:25  Drone  
  66  11:28  Drone  
  66  11:31  Drone  
  66  11:32  Brood Lord, Corruptor  
  72  11:34  Drone, Spine Crawler  
  72  11:37  Drone  
  73  11:40  Drone  
  73  11:41  Spine Crawler  
  73  11:43  Drone  
  73  11:44  Spire  
  73  11:45  Brood Lord, Corruptor  
  73  11:46  Drone  
  78  11:49  Drone  
  79  12:35  Drone, Overlord, Overseer  
  79  12:51  Zergling x2  
  79  12:55  Viper, Overlord  
  78  12:58  Mutalisk  
  80  13:06  Mutalisk  
  80  13:07  Drone  
  82  13:12  Mutalisk  
  82  13:17  Overlord  
  82  13:19  Mutalisk  
  80  13:21  Zerg Flyer Weapons Level 1  
  80  13:22  Overseer  
  80  13:26  Mutalisk  
  84  13:30  Spine Crawler  
  84  13:33  Mutalisk, Zerg Flyer Armor Level 1  
  83  13:34  Drone x4, Viper  
  83  13:36  Overlord  
  83  13:38  Drone  
  83  13:40  Mutalisk  
  90  13:42  Drone  
  90  13:46  Drone  
  90  13:47  Mutalisk  
  92  13:55  Drone, Mutalisk  
  95  13:57  Queen  
  95  13:58  Overlord  
  95  13:59  Drone  
  95  14:01  Mutalisk  
  95  14:02  Drone  
  101  14:08  Corruptor  
  103  14:18  Overlord  
  94  14:57  Queen  
  92  15:00  Zerg Missile Weapons Level 2  
  89  15:08  Mutalisk  
  91  15:17  Zerg Ground Armor Level 2  
  91  15:19  Zerg Flyer Weapons Level 2  
  91  15:29  Zerg Flyer Armor Level 2  
  91  15:38  Mutalisk  
  91  16:36  Ultralisk  
  91  16:39  Overlord  
  97  16:46  Overseer  
  95  16:47  Hydralisk  
  95  16:49  Overseer  
  95  16:58  Ultralisk  
  95  17:00  Overlord, Zergling x2  
  86  17:11  Ultralisk  
  79  17:16  Zerg Melee Weapons Level 2  
  79  17:18  Overseer  
  79  17:19  Overlord  
  79  17:22  Ultralisk, Overseer  
  77  17:32  Hydralisk  
  77  17:36  Drone x5  
  79  17:38  Overlord  
  79  17:40  Roach  
  77  17:44  Drone x3  
  77  17:47  Mutalisk  
  79  17:55  Roach  
  79  17:56  Queen  
  56  17:59  Drone  
  56  18:02  Mutalisk  
  56  18:03  Drone  
  56  18:05  Spine Crawler  
  52  18:07  Drone, Overseer  
  52  18:10  Roach  
  52  18:11  Drone  
  56  18:15  Drone  
  57  18:21  Ultralisk, Spore Crawler  
  57  18:26  Spore Crawler  
  61  18:32  Ultralisk  
  67  18:42  Overlord  
  67  18:43  Zergling x2  
  68  18:53  Hydralisk  
  70  19:02  Drone  
  63  19:05  Ultralisk  
  75  19:17  Ultralisk  
  68  19:27  Hydralisk  
  60  19:33  Queen  
  54  19:39  Zergling x2  
  55  19:49  Hydralisk  
  57  19:55  Queen  
  49  20:01  Ultralisk  
  48  20:12  Zergling x2  
  49  20:22  Queen  
  49  20:24  Ultralisk  
  49  20:26  Drone  
  49  20:37  Drone  
  49  20:39  Ultralisk, Hatchery  
  49  20:41  Overseer  
  49  20:42  Drone  
  53  20:45  Drone  
  53  20:48  Drone, Hydralisk  
  53  20:49  Overseer, Extractor  
  54  20:51  Drone  
  54  20:55  Ultralisk  
  52  20:57  Hydralisk  
  52  21:00  Extractor  
  52  21:03  Drone  
  54  21:05  Roach  
  56  21:11  Drone  
  56  21:12  Drone, Roach  
  56  21:15  Drone, Extractor  
  56  21:18  Drone  
  58  21:20  Roach  
  58  21:21  Drone  
  58  21:23  Drone  
  58  21:24  Drone  
  58  21:25  Extractor  
  56  21:28  Roach  
  56  21:29  Spore Crawler  
  56  21:30  Drone  
  56  21:32  Drone x2, Extractor  
  54  21:34  Drone  
  54  21:36  Drone, Roach  
  54  21:38  Drone  
  54  21:40  Drone, Extractor  
  54  21:43  Roach  
  54  21:44  Drone x2  
  54  21:46  Overlord  
  57  21:47  Drone  
  57  21:50  Drone  
  57  21:52  Extractor  
  57  21:53  Zergling x2  
  57  21:54  Drone  
  57  22:00  Queen, Zergling x2  
  58  22:05  Drone, Overlord  
  58  22:08  Drone, Zergling x2  
  56  22:10  Drone x2  
  56  22:11  Drone  
  56  22:15  Drone  
  57  22:16  Zergling x2  
  57  22:19  Drone  
  55  22:23  Drone, Mutalisk  
  55  22:27  Drone  
  45  22:30  Drone  
  45  22:31  Zergling x2  
  46  22:37  Drone  
  46  22:38  Roach  
  46  22:39  Zergling x2  
  45  22:44  Drone  
  45  22:46  Zergling x2  
  45  22:47  Drone  
  31  22:52  Drone  
  31  22:56  Zergling x2  
  31  23:03  Zergling x2  
  31  23:05  Drone  
  31  23:08  Drone  
  31  23:10  Zergling x2  
  29  23:18  Roach  
  28  23:22  Drone  
  28  23:24  Mutalisk  
  29  23:32  Zergling x2  
  27  23:35  Drone  
  11  23:49  Drone  
  7  24:05  Drone  
  3  24:24  Drone x3  
  4  25:00  Drone x2  
  6  25:09  Drone  
  3  25:41  Drone  
Tags
 
Add a new tag
Caveats
  • Supply blocks, unpowered buildings, or Contaminate may cause inaccurate times.
  • Supply counts are checked every 10 seconds.